 Seeded DCSS version 0.29-a0-542-g075992c915 (webtiles) character file.

Game seed: 20220604 (custom seed)

33 flotson the Sneak (level 3, 0/29 HPs)
             Began as a Demonspawn Delver on June 4, 2022.
             Slain by a centaur zombie (1 damage)
             ... in an ossuary.
             The game lasted 00:01:36 (71 turns).

flotson the Sneak (Demonspawn Delver)                 Turns: 71, Time: 00:01:36

Health: 0/29       AC:  4    Str: 14    XL:     3   Next: 12%
Magic:  3/3        EV: 12    Int: 11    God:
Gold:   0          SH:  4    Dex: 14    Spells: 2/2 levels left

rFire   . . .      SeeInvis .   a - +0 spear
rCold   . . .      Faith    .   (no shield)
rNeg    . . .      Spirit   .   b - +0 leather armour
rPois   .          Reflect  .   h - +0 helmet
rElec   .          Harm     .   (no cloak)
rCorr   .          Rampage  .   (no gloves)
Will    .....                   (no boots)
Stlth   +++.......              (no amulet)
HPRegen 0.09/turn               (no ring)
MPRegen 0.08/turn               (no ring)

@: marked, hasted, very quick
A: condensation shield
a: no special abilities


You were in an ossuary.
You visited 1 branch of the dungeon, and saw 1 of its levels.
You also visited: Ossuary.

Inventory:

Hand Weapons
 a - a +0 spear (weapon)
Missiles
 i - 3 poisoned darts (quivered)
Armour
 b - a +0 leather armour (worn)
 h - a +0 helmet (worn)
Wands
 g - a wand of digging (3)
Scrolls
 c - a scroll of fog
 e - a scroll of fear


   Skills:
 + Level 3.2 Fighting
 + Level 2.0 Polearms
 + Level 0.6 Throwing
 + Level 0.7 Armour
 + Level 2.0 Dodging
 + Level 4.6 Stealth
 + Level 0.7 Evocations


You had 2 spell levels left.
You didn't know any spells.
Your spell library was empty.

Dungeon Overview and Level Annotations

Branches:
Dungeon (5/15)            Ossuary (1/1)
 Temple: D:4-7

Altars:


Innate Abilities, Weirdness & Mutations

A meltable shield of frost defends you. (SH +4)


Message History

The centaur zombie misses you.
Unknown command.
You hit the centaur zombie.
The centaur zombie is severely damaged.
The centaur zombie closely misses you. The centaur zombie barely misses you.
The centaur zombie closely misses you. The centaur zombie barely misses you.
Unknown command.
You hit the centaur zombie.
The centaur zombie is almost destroyed.
The centaur zombie closely misses you.
The centaur zombie kicks you but does no damage.
Unknown command.
You hit the centaur zombie.
You destroy the centaur zombie!
Your Polearms skill increases to level 2!
Your Dodging skill increases to level 2!
You have reached level 2!
Your demonic ancestry asserts itself...
Frost condenses into a shield before you.
You have reached level 3!
Your experience leads to an increase in your attributes!
Increase (S)trength, (I)ntelligence, or (D)exterity?
You feel stronger. x2
You hit the centaur zombie.
The centaur zombie is lightly damaged.
The centaur zombie barely misses you. You block the centaur zombie's attack.
The centaur zombie misses you. The centaur zombie barely misses you.
The mummy hits you.
* * * LOW HITPOINT WARNING * * *
Unknown command.
You hit the centaur zombie.
The centaur zombie is moderately damaged.
The centaur zombie closely misses you. x2
The centaur zombie barely misses you. The centaur zombie closely misses you.
Unknown command.
You hit the centaur zombie. You punch the centaur zombie.
The centaur zombie is moderately damaged.
The centaur zombie hits you but does no damage.
You block the centaur zombie's attack. The centaur zombie hits you.
You die...

..^..##
.^...^.#
#.....##
.......#
#.....##
.Z.....#
##ZZ...##
#@ZM....#
##MZ...##
#MZ..^#
#.....#
#..∩..#
#.....#
#..∩..#
#.....#
#.....#


You could see 3 mummies, 3 hobgoblin zombies and 3 centaur zombies.

Vanquished Creatures
  A centaur zombie (Ossuary)
  A hobgoblin zombie (Ossuary)
2 creatures vanquished.

Notes
Turn   | Place    | Note
-------+----------+-------------------------------------------
     0 | D:5      | flotson the Demonspawn Delver began the quest for the Orb.
     0 | D:5      | Reached XP level 1. HP: 18/18 MP: 1/1
    28 | D:5      | Found a sand-covered staircase.
    33 | Ossuary  | Entered an ossuary
    69 | Ossuary  | Gained mutation: A meltable shield of frost defends you.
                  | (SH +4) [demonic ancestry]
    69 | Ossuary  | Reached XP level 2. HP: 1/24 MP: 2/2
    69 | Ossuary  | Reached XP level 3. HP: 2/29 MP: 3/3
    69 | Ossuary  | HP: 1/29 [mummy (1)]
    71 | Ossuary  | Slain by a centaur zombie

Illustrated notes

Levels and vault maps discovered:
D:5:      layout_layer_cave, tgw_kikubaaqudgha, enter_ossuary_5, minmay_bent
Ossuary:  ossuary_the_hunt_dpeg

Skill      XL: |  1 |
---------------+----+-----
Polearms       | 2 |  2.0
Dodging        | 2 |  2.0
Fighting       | |  3.2
Throwing       | |  0.6
Armour         | |  0.7
Stealth        | |  4.6
Evocations     | |  0.7

Action                   || total
-------------------------++-------
Melee: Spear             ||    29
       Punch             ||     1
  Use: Scroll            ||     1
       Potion            ||     1
Armor: Leather armour    ||    14
Dodge: Dodged            ||    39
Block: Other             ||     2

Table legend: (Time is in decaauts)
 A = Elapsed time spent in this place.
 B = Non-inter-level travel time spent in this place.
 C = Inter-level travel time spent in this place.
 D = Time resting spent in this place.
 E = Time spent auto-exploring this place.
 F = Levels seen in this place.
 G = Mean time per level.
                   A        B        C        D        E       F      G
               +--------+--------+--------+--------+--------+-----+--------+
         Total |     58 |     58 |      0 |      0 |      0 |   2 |   29.0 |
       Dungeon |     33 |     33 |      0 |      0 |      0 |   1 |   33.0 |
       Ossuary |     25 |     25 |      0 |      0 |      0 |   1 |   25.0 |
               +--------+--------+--------+--------+--------+-----+--------+

Top non-repeatable levels by time:
     D:5: 33 daAuts
 Ossuary: 25 daAuts
